 Dungeon Crawl Stone Soup version 0.31.0-9-g3a7656b989 (webtiles) character file.

Game seed: 5292252119593878445

64987 qw the Marksspriggan (level 14, -1/75 HPs)
             Began as a Spriggan Hunter on Feb 3, 2024.
             Was a High Priest of Okawaru.
             Slain by an ice dragon (8 damage)
             ... on level 15 of the Dungeon.
             The game lasted 00:06:43 (18224 turns).

qw the Marksspriggan (Spriggan Hunter)             Turns: 18224, Time: 00:06:44

Health: -1/75      AC:  9    Str:  7    XL:     14   Next: 73%
Magic:  22/22      EV: 27    Int: 10    God:    Okawaru [*****.]
Gold:   1736       SH:  5    Dex: 24    Spells: 13/13 levels left

rFire   + + .        j - +5 arbalest (freeze)
rCold   + + .        (shield currently unavailable)
rNeg    . . .        w - +0 swamp dragon scales
rPois   +            (helmet restricted)
rElec   .            n - scarf {rC+ rF+}
rCorr   .            (gloves unavailable)
SInv    +            (boots unavailable)
Will    ++...        c - amulet of reflection
Stlth   ++           e - ring of protection from cold
HPRegen 0.32/turn    a - ring of protection from fire
MPRegen 0.18/turn

%: reflection
@: very quick
A: very small, no large weapons, unfitting armour, see invisible, speed 3, horns
1, iridescent scales 1
a: Renounce Religion, Heroism, Finesse, Duel


You were on level 15 of the Dungeon.
You worshipped Okawaru.
Okawaru was extremely pleased with you.
You visited 3 branches of the dungeon, and saw 21 of its levels.

You collected 1868 gold pieces.
You spent 132 gold pieces at shops.


Innate Abilities, Weirdness & Mutations

You are very small and have problems with some larger weapons.
You are too small for most types of armour.
You have supernaturally acute eyesight. (SInv)
You cover ground extremely quickly. (Speed+++)
You have a pair of small horns on your head.
You are partially covered in iridescent scales. (AC +2)


   Skills:
 - Level 9.0 Fighting
 - Level 18.0 Ranged Weapons
 - Level 3.0 Armour
 + Level 16.8 Dodging
 - Level 1.5 Stealth
 - Level 10.0 Invocations


You had 13 spell levels left.
You didn't know any spells.
Your spell library was empty.

Inventory:

Hand Weapons
 j - a +5 arbalest of freezing (weapon)
Armour
 i - a +1 cloak
 k - +2 acid dragon scales
 m - a +0 troll leather armour
 n - a scarf of resistance (worn)
 w - +0 swamp dragon scales (worn)
Jewellery
 a - a ring of protection from fire (right hand)
 c - an amulet of reflection (around neck)
 d - a ring of ice
 e - a ring of protection from cold (left hand)
 p - a ring of fire
 u - a ring of resist corrosion
Wands
 o - a wand of paralysis (10)
 r - a wand of iceblast (6)
Scrolls
 t - a scroll of identify
Potions
 f - 5 potions of might
 g - 7 potions of curing
 h - a potion of resistance
 l - 3 potions of enlightenment
 q - a potion of mutation
 s - 2 potions of haste
 v - a potion of cancellation

Dungeon Overview and Level Annotations

Branches:
Dungeon (15/15)            Temple (1/1) D:7            Lair (5/5) D:11
 Shoals (0/4) Lair:3        Snake (0/4) Lair:3        Slime (0/5) Lair:4
    Orc (0/2) D:11         Vaults (0/5) D:13
 Depths: D:15

Altars:
Ashenzari
Cheibriados
Dithmenos
Elyvilon
Fedhas
Gozag
Hepliaklqana
Kikubaaqudgha
Makhleb
Nemelex Xobeh
Okawaru
Qazlal
Ru
Sif Muna
Trog
Uskayaw
Vehumet
Wu Jian
Xom
Yredelemnul
Zin
The Shining One

Shops:
D:1 ?   D:3 :(!

Annotations:
D:1 2 transporters
D:4 1 transporter, qw's ghost, weakling DEHu
D:6 4 runed translucent doors, Crazy Yiuf; qw's ghost, novice SpHu
D:15 3 runed translucent doors, qw's ghost, journeyman SpHu
Lair:3 2 transporters, qw's ghost, journeyman SpHu


Message History

The ice dragon is lightly wounded.
You shoot a bolt.
The bolt hits the ice dragon but does no damage.
The ice dragon breathes frost at you. The blast of cold misses you.
You shoot a bolt. The bolt hits the ice dragon!!
The bolt freezes the ice dragon.
The ice dragon is moderately wounded.
You shoot a bolt. The bolt hits the ice dragon!
The ice dragon is moderately wounded.
You shoot a bolt. The bolt hits the ice dragon!!
The bolt freezes the ice dragon.
The ice dragon is severely wounded.
You shoot a bolt. The bolt barely misses the ice dragon.
The ice dragon breathes frost at you. The blast of cold hits you! You resist.
You shoot a bolt. The bolt hits the ice dragon.
The ice dragon is severely wounded.
The ice dragon misses you. The ice dragon barely misses you.
The ice dragon closely misses you.
You shoot a bolt. The bolt hits the ice dragon!
The bolt freezes the ice dragon.
The ice dragon is almost dead.
You block the ice dragon's attack. The ice dragon claws you!
The ice dragon misses you.
The ice dragon bites you but does no damage.
The ice dragon claws you! The ice dragon completely misses you.
You shoot a bolt. The bolt barely misses the ice dragon.
The ice dragon bites you but does no damage.
The ice dragon claws you.
The ice dragon tramples you but does no damage.
You shoot a bolt.
The bolt hits the ice dragon but does no damage.
The ice dragon is almost dead.
The ice dragon completely misses you. The ice dragon barely misses you.
You block the ice dragon's attack.
You shoot a bolt. The bolt hits the ice dragon.
The ice dragon is almost dead.
The ice dragon closely misses you. The ice dragon claws you!
The ice dragon tramples you!
You die...

#... #....... #..# .$# #...####
#..# .$# #...# # #..## .$# #...#
# #... #...# #.. #...####
#...#####...# .. +# #....... #
#...........## .# ............ g
#......###...##D# ............ #
#......# #....@.# .....###...## .
#......# #...8..# ...........# #
#......###.....## ...........##
#.............## .............
#............######+######'#...
#...........## ..........u%#..#
###..?.#######..#............#..#
.......# ..#...?........#..#
.......#######..#..<.........#...


You could see an ice dragon.

Vanquished Creatures
  2 fire dragons
  A rakshasa (D:14)
  Erolcha (D:11)
  3 hydras
  5 centaur warriors
  A catoblepas (Lair:4)
  6 boulder beetles
  An ogre mage (D:11)
  8 two-headed ogres
  A death yak (Lair:4)
  2 lindwurms (Lair:5)
  Pikel (D:5)
  An orc knight (D:13)
  4 manticores
  7 cyclopes
  12 ugly things
  2 deep elf pyromancers (D:14)
  4 elephants (Lair:5)
  Maurice (D:8)
  Joseph (D:8)
  6 torpor snails
  8 cane toads
  2 unseen horrors
  8 komodo dragons
  A kobold demonologist (D:14)
  2 rime drakes (Lair:3)
  2 merfolk (Lair:3)
  3 tyrant leeches (Lair:5)
  3 trolls
  A polar bear (Lair:5)
  A raiju (shapeshifter) (D:13)
  7 hornets
  Grinder (D:5)
  4 blink frogs (Lair:5)
  7 dream sheep
  5 slime creatures
  Sigmund (D:2)
  A wyvern (D:11)
  49 yaks
  15 humans (D:13)
  5 wraiths (D:11)
  5 basilisks
  A steam dragon (Lair:4)
  A vampire mosquito (D:5)
  6 acid dragons
  3 nagas (Lair:3)
  11 water moccasins
  3 orc warriors
  3 ice beasts
  A sky beast (D:7)
  5 boggarts (D:15)
  2 black bears
  2 ogres (D:5)
  9 wolves (Lair:1)
  19 centaurs
  2 lemures (D:5)
  2 phantoms
  4 kobold brigands
  Blork the orc (D:6)
  7 bullfrogs
  4 scorpions
  A gnoll sergeant (D:5)
  8 wights
  16 killer bees
  7 howler monkeys
  3 electric eels
  2 bombardier beetles
  2 bullfrog zombies (D:6)
  3 hounds
  7 jellies
  A gnoll bouda (D:9)
  7 orc priests
  A sleepcap (D:4)
  6 iguanas
  Terence (D:2)
  10 orc wizards
  7 adders
  12 gnolls
  2 shadow imps (D:7)
  4 white imps
  4 ufetubi
  2 dart slugs
  A ribbon worm (D:2)
  45 orcs
  8 endoplasms
  3 giant cockroaches
  15 goblins
  6 hobgoblins
  3 quokkas
  7 ball pythons
  4 bats
  2 frilled lizards (D:3)
  20 kobolds
  5 rats
512 creatures vanquished.

Vanquished Creatures (others)
  A human (D:13)
1 creature vanquished.

Grand Total: 513 creatures vanquished

Notes
Turn   | Place    | Note
-------+----------+-------------------------------------------
     0 | D:1      | qw the Spriggan Hunter began the quest for the Orb.
     0 | D:1      | Reached XP level 1. HP: 10/10 MP: 2/2
     0 | D:1      | 0 ||| qw: Version: 0.3-a-155-g5e7d8dd
     0 | D:1      | 0 ||| qw: Game counter: 2888
     0 | D:1      | 0 ||| qw: Melee chars always use a shield: true
     0 | D:1      | 0 ||| qw: God list: Okawaru
     0 | D:1      | 0 ||| qw: Allow faded altars: false
     0 | D:1      | 0 ||| qw: Do Orc after clearing Dungeon:15 true
     0 | D:1      | 0 ||| qw: Do second Lair branch before Depths: true
     0 | D:1      | 0 ||| qw: Lair rune preference: random
     0 | D:1      | 0 ||| qw: Goals: Normal
     0 | D:1      | 0 ||| PLANNING D:1-11
    32 | D:1      | Reached skill level 3 in Dodging
   201 | D:1      | Reached XP level 2. HP: 14/14 MP: 3/3
   205 | D:1      | Found a transporter.
   210 | D:1      | Found Yditsu's Magic Scroll Emporium.
   306 | D:1      | Found a faded altar of an unknown god.
   430 | D:1      | Found a transporter.
   509 | D:1      | 509 ||| DROPPING ring of flight.
   510 | D:1      | 510 ||| UPGRADING to ring of protection from cold.
   511 | D:1      | 511 ||| READING scroll labelled OSTEN CISUESCH.
   511 | D:1      | 511 ||| IDENTIFYING fuming pink potion
   512 | D:1      | 512 ||| READING 2 scrolls labelled GOSUYL KYMIY.
   512 | D:1      | 512 ||| BRANDING +0 shortbow.
   513 | D:1      | 513 ||| READING scroll of brand weapon.
   513 | D:1      | 513 ||| BRANDING +0 shortbow of chaos.
   514 | D:1      | 514 ||| DROPPING scroll of butterflies.
   593 | D:2      | 593 ||| RETREEEEATING.
   603 | D:2      | Reached XP level 3. HP: 15/18 MP: 4/4
   603 | D:2      | 603 ||| FLEEEEING.
   604 | D:2      | 604 ||| FLEEEEING.
   605 | D:2      | 605 ||| FLEEEEING.
   606 | D:2      | 606 ||| FLEEEEING.
   609 | D:2      | 609 ||| FLEEEEING.
   610 | D:2      | 610 ||| FLEEEEING.
   611 | D:2      | 611 ||| FLEEEEING.
   612 | D:2      | 612 ||| FLEEEEING.
   613 | D:2      | 613 ||| FLEEEEING.
   774 | D:2      | Reached skill level 5 in Ranged Weapons
   836 | D:2      | Noticed Terence
   845 | D:2      | Killed Terence
   846 | D:2      | Reached XP level 4. HP: 18/22 MP: 5/5
   876 | D:2      | Noticed Sigmund
   881 | D:2      | Killed Sigmund
   882 | D:2      | Reached XP level 5. HP: 25/25 MP: 6/6
  1123 | D:2      | 1123 ||| READING scroll labelled FICZACZICZE.
  1127 | D:2      | 1127 ||| READING scroll labelled MAUBBE OSTRAHIO.
  1194 | D:3      | Found Anamedoth's Distillery.
  1196 | D:3      | Found a burning altar of Makhleb.
  1211 | D:3      | 1211 ||| BUYING 2 potions of might (96 gold).
  1211 | D:3      | Bought 2 potions of might for 96 gold pieces
  1211 | D:3      | 1211 ||| BUYING potion of curing (36 gold).
  1211 | D:3      | Bought a potion of curing for 36 gold pieces
  1211 | D:3      | 1211 ||| SHOPLISTING potion of enlightenment (60 gold, have
                  | 4).
  1211 | D:3      | 1211 ||| SHOPLISTING potion of haste (120 gold, have 4).
  1217 | D:3      | Found a sacrificial altar of Ru.
  1306 | D:3      | Reached XP level 6. HP: 30/30 MP: 7/7
  1416 | D:3      | 1416 ||| READING scroll of brand weapon.
  1416 | D:3      | 1416 ||| BRANDING +0 shortbow of flaming.
  1581 | D:3      | Found Ucizxyamn's Antique Weapon Shop.
  1625 | D:3      | Found Orap Nit's Book Boutique.
  1744 | D:3      | 1744 ||| UPGRADING to +0 cloak.
  1749 | D:3      | 1749 ||| READING scroll of identify.
  1749 | D:3      | 1749 ||| IDENTIFYING grey potion
  1750 | D:3      | 1750 ||| READING 2 scrolls labelled VEVOTI CITHIBA.
  1751 | D:3      | 1751 ||| DRINKING 2 black potions.
  1752 | D:3      | 1752 ||| FLEEEEING.
  1753 | D:3      | 1753 ||| FLEEEEING.
  1754 | D:3      | 1754 ||| FLEEEEING.
  1755 | D:3      | 1755 ||| FLEEEEING.
  1756 | D:3      | 1756 ||| FLEEEEING.
  1757 | D:3      | 1757 ||| FLEEEEING.
  1758 | D:3      | 1758 ||| FLEEEEING.
  1759 | D:3      | 1759 ||| FLEEEEING.
  1760 | D:3      | 1760 ||| FLEEEEING.
  1761 | D:3      | 1761 ||| FLEEEEING.
  1762 | D:3      | 1762 ||| FLEEEEING.
  1763 | D:3      | 1763 ||| FLEEEEING.
  1764 | D:3      | 1764 ||| FLEEEEING.
  1765 | D:3      | 1765 ||| FLEEEEING.
  1766 | D:3      | 1766 ||| FLEEEEING.
  1767 | D:3      | 1767 ||| FLEEEEING.
  1768 | D:3      | 1768 ||| FLEEEEING.
  1769 | D:3      | 1769 ||| FLEEEEING.
  1770 | D:3      | 1770 ||| FLEEEEING.
  1771 | D:3      | 1771 ||| FLEEEEING.
  1772 | D:3      | 1772 ||| FLEEEEING.
  1773 | D:3      | 1773 ||| FLEEEEING.
  1774 | D:3      | 1774 ||| FLEEEEING.
  1775 | D:3      | 1775 ||| STAIRDANCE
  1777 | D:2      | 1777 ||| FLEEEEING.
  1778 | D:2      | 1778 ||| FLEEEEING.
  1779 | D:2      | 1779 ||| FLEEEEING.
  1780 | D:2      | 1780 ||| FLEEEEING.
  1781 | D:2      | 1781 ||| FLEEEEING.
  1782 | D:2      | 1782 ||| FLEEEEING.
  1783 | D:2      | 1783 ||| FLEEEEING.
  1784 | D:2      | 1784 ||| FLEEEEING.
  1785 | D:2      | 1785 ||| FLEEEEING.
  1786 | D:2      | 1786 ||| FLEEEEING.
  1787 | D:2      | 1787 ||| FLEEEEING.
  1788 | D:2      | 1788 ||| FLEEEEING.
  1789 | D:2      | 1789 ||| FLEEEEING.
  1790 | D:2      | 1790 ||| FLEEEEING.
  1791 | D:2      | 1791 ||| FLEEEEING.
  1792 | D:2      | 1792 ||| FLEEEEING.
  1793 | D:2      | 1793 ||| FLEEEEING.
  1794 | D:2      | 1794 ||| FLEEEEING.
  1795 | D:2      | 1795 ||| FLEEEEING.
  1796 | D:2      | 1796 ||| FLEEEEING.
  1797 | D:2      | 1797 ||| FLEEEEING.
  1798 | D:2      | 1798 ||| FLEEEEING.
  1799 | D:2      | 1799 ||| FLEEEEING.
  1800 | D:2      | 1800 ||| FLEEEEING.
  1801 | D:2      | 1801 ||| STAIRDANCE
  1903 | D:1      | 1903 ||| DROPPING potion of invisibility.
  1904 | D:1      | 1904 ||| DROPPING scroll of fear.
  1905 | D:1      | 1905 ||| DROPPING potion of berserk rage.
  2272 | D:4      | Reached skill level 6 in Ranged Weapons
  2307 | D:4      | Found a transporter.
  2313 | D:4      | 2313 ||| FLEEEEING.
  2314 | D:4      | 2314 ||| FLEEEEING.
  2330 | D:4      | Identified the +4 great mace "Vesid" {pain, rElec rF++
                  | Str+3}
  2331 | D:4      | Noticed qw's ghost (weakling DEHu)
  2406 | D:4      | Noticed a water moccasin
  2421 | D:4      | Killed a water moccasin
  2422 | D:4      | Reached XP level 7. HP: 35/35 MP: 8/8
  2492 | D:4      | 2492 ||| READING scroll labelled JIETZA UNWUC.
  2492 | D:4      | Identified a scroll of acquirement
  2492 | D:4      | 2492 ||| ACQUIRING +2 arbalest of freezing
  2492 | D:4      | Acquired a +2 arbalest of freezing
  2494 | D:4      | 2494 ||| SWAPPING to +2 arbalest of freezing.
  2495 | D:4      | 2495 ||| DROPPING +0 shortbow of chaos.
  2529 | D:5      | Entered Level 5 of the Dungeon
  2529 | D:5      | Found a shimmering altar of Xom.
  2581 | D:5      | Noticed Grinder
  2588 | D:5      | Reached skill level 7 in Ranged Weapons
  2601 | D:5      | 2601 ||| FLEEEEING.
  2603 | D:5      | 2603 ||| FLEEEEING.
  2605 | D:5      | 2605 ||| FLEEEEING.
  2607 | D:5      | 2607 ||| FLEEEEING.
  2608 | D:5      | 2608 ||| FLEEEEING.
  2609 | D:5      | 2609 ||| FLEEEEING.
  2610 | D:5      | 2610 ||| FLEEEEING.
  2612 | D:5      | 2612 ||| FLEEEEING.
  2613 | D:5      | 2613 ||| FLEEEEING.
  2614 | D:5      | 2614 ||| FLEEEEING.
  2619 | D:5      | Killed Grinder
  2620 | D:5      | Reached skill level 8 in Ranged Weapons
  2843 | D:5      | Noticed Pikel
  2846 | D:5      | 2846 ||| RETREEEEATING.
  2848 | D:5      | 2848 ||| RETREEEEATING.
  2855 | D:5      | Killed Pikel
  2856 | D:5      | Reached skill level 9 in Dodging
  2856 | D:5      | Reached XP level 8. HP: 17/39 MP: 9/9
  3093 | D:5      | 3093 ||| UPGRADING to amulet of the acrobat.
  3098 | D:5      | 3098 ||| READING scroll labelled QEOX YZXUNT.
  3099 | D:5      | 3099 ||| READING scroll labelled PUV SETIABBEBU.
  3100 | D:5      | 3100 ||| DRINKING 2 fizzy golden potions.
  3101 | D:5      | 3101 ||| DRINKING 2 potions of curing.
  3101 | D:5      | 3101 ||| (to cure confusion)
  3102 | D:5      | 3102 ||| DROPPING potion of ambrosia.
  3134 | D:5      | Reached skill level 3 in Fighting
  3179 | D:5      | Reached skill level 9 in Ranged Weapons
  3232 | D:5      | 3232 ||| FLEEEEING.
  3234 | D:5      | Reached XP level 9. HP: 41/44 MP: 10/10
  3375 | D:5      | Identified the +8 quarterstaff of Fortitude {flame, rElec}
  3476 | D:5      | Reached skill level 10 in Ranged Weapons
  4436 | D:5      | 4436 ||| DROPPING scarf of shadows.
  4437 | D:5      | 4437 ||| READING scroll of identify.
  4437 | D:5      | 4437 ||| IDENTIFYING yellow potion
  4438 | D:5      | 4438 ||| DROPPING potion of magic.
  4477 | D:6      | 4477 ||| STAIRDANCE
  4606 | D:6      | Found a runed translucent gate.
  4606 | D:6      | Found a runed translucent gate.
  4606 | D:6      | Found a runed translucent gate.
  4606 | D:6      | Noticed qw's ghost (novice SpHu)
  4608 | D:6      | 4608 ||| UPGRADING to ring of protection from fire.
  4609 | D:6      | Found a basalt altar of Yredelemnul.
  4951 | D:6      | Found a runed translucent door.
  4952 | D:6      | Noticed Crazy Yiuf
  5014 | D:6      | Noticed Blork the orc
  5019 | D:6      | Killed Blork the orc
  5300 | D:6      | 5300 ||| READING scroll of identify.
  5300 | D:6      | 5300 ||| IDENTIFYING green potion
  5301 | D:6      | 5301 ||| READING scroll labelled KEILULACAN.
  5301 | D:6      | 5301 ||| ENCHANTING +0 cloak.
  5302 | D:6      | 5302 ||| READING scroll labelled OLIEKA SIURU.
  5303 | D:6      | 5303 ||| DRINKING 2 bubbling brown potions.
  5304 | D:6      | 5304 ||| DRINKING 2 silvery potions.
  5305 | D:6      | 5305 ||| DROPPING potion of attraction.
  5423 | D:7      | 5423 ||| RETREEEEATING.
  5426 | D:7      | Reached skill level 11 in Ranged Weapons
  5430 | D:7      | 5430 ||| RETREEEEATING.
  5693 | D:7      | Found a staircase to the Ecumenical Temple.
  5694 | D:7      | 5694 ||| PLANNING TEMPLE
  5694 | D:7      | 5694 ||| READING scroll labelled LIETOU SOOCK.
  5695 | D:7      | 5695 ||| READING scroll labelled YDURIAH WYIKHYMIHI.
  5695 | D:7      | 5695 ||| ENCHANTING +2 arbalest of freezing.
  5701 | Temple   | Entered the Ecumenical Temple
  5702 | Temple   | 5702 ||| PLANNING D:1-11
  6039 | D:7      | Found a glowing golden altar of the Shining One.
  6041 | D:7      | Reached skill level 12 in Dodging
  6078 | D:8      | Reached XP level 10. HP: 46/49 MP: 11/11
  6111 | D:8      | Noticed Joseph
  6116 | D:8      | Killed Joseph
  6157 | D:8      | Noticed a two-headed ogre
  6162 | D:8      | Killed a two-headed ogre
  6215 | D:8      | Noticed a two-headed ogre
  6216 | D:8      | Noticed Maurice
  6218 | D:8      | Killed a two-headed ogre
  6219 | D:8      | Reached skill level 12 in Ranged Weapons
  6220 | D:8      | Killed Maurice
  6270 | D:8      | Found a flagged portal.
  6379 | D:8      | Found a radiant altar of Vehumet.
  6570 | D:8      | 6570 ||| FLEEEEING.
  6571 | D:8      | 6571 ||| FLEEEEING.
  6573 | D:8      | 6573 ||| ZAPPING wand of iceblast (7) at 2,-3 (kobold
                  | brigand; floor).
  6588 | D:8      | 6588 ||| FLEEEEING.
  6589 | D:8      | 6589 ||| FLEEEEING.
  6616 | D:8      | 6616 ||| FLEEEEING.
  6721 | D:8      | Identified the serpent talisman of the Eternal Void {rC+}
  6863 | D:8      | 6863 ||| DRINKING 2 fuming coppery potions.
  6864 | D:8      | 6864 ||| DRINKING 3 viscous purple potions.
  6864 | D:8      | Gained mutation: You have a pair of small horns on your
                  | head. [potion of mutation]
  6864 | D:8      | Gained mutation: Potions are less effective at restoring
                  | your health. [potion of mutation]
  6864 | D:8      | Gained mutation: You are partially covered in iridescent
                  | scales. (AC +2) [potion of mutation]
  6865 | D:8      | 6865 ||| DRINKING 2 potions of mutation.
  6865 | D:8      | Lost mutation: You have a pair of small horns on your head.
                  | [potion of mutation]
  6865 | D:8      | Lost mutation: Potions are less effective at restoring your
                  | health. [potion of mutation]
  6865 | D:8      | Gained mutation: You have a pair of small horns on your
                  | head. [potion of mutation]
  6866 | D:8      | 6866 ||| DROPPING potion of brilliance.
  6903 | D:9      | 6903 ||| STAIRDANCE
  6932 | D:9      | 6932 ||| STAIRDANCE
  6962 | D:9      | 6962 ||| STAIRDANCE
  6985 | D:9      | 6985 ||| STAIRDANCE
  7006 | D:9      | Found an iron altar of Okawaru.
  7056 | D:9      | 7056 ||| RETREEEEATING.
  7060 | D:9      | 7060 ||| RETREEEEATING.
  7061 | D:9      | 7061 ||| RETREEEEATING.
  7062 | D:9      | 7062 ||| RETREEEEATING.
  7063 | D:9      | 7063 ||| RETREEEEATING.
  7070 | D:9      | HP: 8/51 [killer bee (5)]
  7071 | D:9      | 7071 ||| READING 3 scrolls of teleportation.
  7071 | D:9      | HP: 2/51 [poisoned by a killer bee]
  7072 | D:9      | 7072 ||| DRINKING 2 potions of heal wounds.
  7076 | D:9      | HP: 12/51 [poisoned by a killer bee]
  7369 | D:9      | Reached skill level 13 in Ranged Weapons
  7383 | D:9      | Reached XP level 11. HP: 44/55 MP: 12/12
  7592 | D:9      | Found a stormy altar of Qazlal.
  7593 | D:9      | Found a bloodstained altar of Trog.
  7863 | D:9      | 7863 ||| READING scroll of identify.
  7863 | D:9      | 7863 ||| IDENTIFYING viscous cyan potion
  7864 | D:9      | 7864 ||| DROPPING potion of lignification.
  7895 | D:10     | Entered Level 10 of the Dungeon
  7895 | D:10     | Noticed a two-headed ogre
  7901 | D:10     | Killed a two-headed ogre
  8087 | D:10     | Noticed a two-headed ogre
  8103 | D:10     | Killed a two-headed ogre
  8362 | D:10     | 8362 ||| RETREEEEATING.
  8363 | D:10     | 8363 ||| RETREEEEATING.
  8367 | D:10     | 8367 ||| RETREEEEATING.
  8373 | D:10     | 8373 ||| UPGRADING to +0 acid dragon scales.
  8383 | D:10     | 8383 ||| DROPPING +0 robe.
  8384 | D:10     | 8384 ||| READING scroll labelled FUMUMEUCRY.
  8408 | D:9      | 8408 ||| PLANNING OKAWARU WORSHIP
  8408 | D:9      | 8408 ||| UPGRADING to amulet of reflection.
  8418 | D:9      | 8418 ||| DROPPING amulet of the acrobat.
  8420 | D:9      | Became a worshipper of Warmaster Okawaru
  8421 | D:9      | 8421 ||| PLANNING D:1-11
  8484 | D:10     | 8484 ||| RETREEEEATING.
  8492 | D:10     | Reached skill level 1 in Armour
  8666 | D:10     | Found a broken altar of Ashenzari.
  8837 | D:10     | 8837 ||| READING scroll of identify.
  8837 | D:10     | 8837 ||| IDENTIFYING bubbling sapphire potion
  8866 | D:11     | 8866 ||| STAIRDANCE
  8876 | D:11     | 8876 ||| STAIRDANCE
  8888 | D:11     | Found a staircase to the Lair.
  8907 | D:11     | Reached * piety under Okawaru
  8908 | D:11     | Reached skill level 14 in Ranged Weapons
  8909 | D:11     | Noticed Erolcha
  8912 | D:11     | 8912 ||| INVOKING Heroism.
  8918 | D:11     | 8918 ||| RETREEEEATING.
  8919 | D:11     | 8919 ||| RETREEEEATING.
  8920 | D:11     | Killed Erolcha
  8924 | D:11     | 8924 ||| INVOKING Heroism.
  8926 | D:11     | 8926 ||| DRINKING potion of haste.
  8931 | D:11     | Reached skill level 1 in Invocations
  8942 | D:11     | Reached skill level 6 in Fighting
  8951 | D:11     | HP: 11/56 [yak (6)]
  8952 | D:11     | 8952 ||| READING 3 scrolls of teleportation.
  8953 | D:11     | 8953 ||| DRINKING 2 potions of heal wounds.
  9063 | D:11     | 9063 ||| READING 2 scrolls of enchant armour.
  9063 | D:11     | 9063 ||| ENCHANTING +0 acid dragon scales.
  9064 | D:11     | 9064 ||| READING scroll of enchant armour.
  9064 | D:11     | 9064 ||| ENCHANTING +1 acid dragon scales.
  9089 | D:11     | Found a staircase to the Orcish Mines.
  9122 | D:11     | Reached skill level 3 in Invocations
  9196 | D:11     | 9196 ||| RETREEEEATING.
  9199 | D:11     | 9199 ||| RETREEEEATING.
  9201 | D:11     | Reached ** piety under Okawaru
  9206 | D:11     | 9206 ||| INVOKING Heroism.
  9225 | D:11     | Noticed a green ugly thing
  9234 | D:11     | 9234 ||| INVOKING Heroism.
  9238 | D:11     | Killed a green ugly thing
  9239 | D:11     | Reached XP level 12. HP: 59/61 MP: 12/16
  9256 | D:11     | Noticed a boulder beetle
  9257 | D:11     | 9257 ||| RETREEEEATING.
  9259 | D:11     | 9259 ||| ZAPPING wand of acid (6) at -2,3 (boulder beetle;
                  | floor).
  9260 | D:11     | 9260 ||| ZAPPING wand of acid (5) at -1,2 (boulder beetle;
                  | floor).
  9261 | D:11     | 9261 ||| ZAPPING wand of acid (4) at 0,2 (boulder beetle;
                  | floor).
  9262 | D:11     | 9262 ||| ZAPPING wand of acid (3) at 0,2 (boulder beetle;
                  | floor).
  9263 | D:11     | 9263 ||| ZAPPING wand of acid (2) at 0,2 (boulder beetle;
                  | floor).
  9264 | D:11     | 9264 ||| ZAPPING wand of acid (1) at 0,2 (boulder beetle;
                  | floor).
  9265 | D:11     | 9265 ||| INVOKING Heroism.
  9270 | D:11     | Killed a boulder beetle
  9311 | D:11     | Noticed a two-headed ogre
  9320 | D:11     | 9320 ||| INVOKING Heroism.
  9328 | D:11     | Killed a two-headed ogre
  9329 | D:11     | Reached skill level 15 in Ranged Weapons
  9351 | D:11     | Noticed an ogre mage
  9352 | D:11     | 9352 ||| INVOKING Heroism.
  9354 | D:11     | Killed an ogre mage
  9479 | D:11     | Noticed a two-headed ogre
  9480 | D:11     | 9480 ||| INVOKING Heroism.
  9483 | D:11     | Killed a two-headed ogre
  9687 | D:11     | Reached *** piety under Okawaru
  9689 | D:11     | 9689 ||| PLANNING LAIR
  9689 | D:11     | 9689 ||| READING 2 scrolls of identify.
  9689 | D:11     | 9689 ||| IDENTIFYING sedimented inky potion
  9690 | D:11     | 9690 ||| READING scroll of identify.
  9690 | D:11     | 9690 ||| IDENTIFYING scroll labelled QARER XESSYEPS
  9691 | D:11     | 9691 ||| DROPPING potion of degeneration.
  9692 | D:11     | 9692 ||| DROPPING scroll of blinking.
  9720 | Lair:1   | Entered Level 1 of the Lair of Beasts
  9879 | Lair:1   | Reached skill level 16 in Ranged Weapons
 10076 | Lair:1   | Reached **** piety under Okawaru
 10078 | Lair:1   | 10078 ||| RETREEEEATING.
 10079 | Lair:1   | 10079 ||| RETREEEEATING.
 10084 | Lair:1   | 10084 ||| RETREEEEATING.
 10303 | Lair:1   | Reached skill level 15 in Dodging
 10564 | Lair:1   | 10564 ||| UPGRADING to scarf of resistance.
 10677 | Lair:2   | 10677 ||| RETREEEEATING.
 10679 | Lair:2   | 10679 ||| RETREEEEATING.
 10681 | Lair:2   | 10681 ||| RETREEEEATING.
 10683 | Lair:2   | 10683 ||| RETREEEEATING.
 10685 | Lair:2   | 10685 ||| RETREEEEATING.
 10689 | Lair:2   | 10689 ||| RETREEEEATING.
 10692 | Lair:2   | 10692 ||| INVOKING Finesse.
 10749 | Lair:2   | Reached skill level 6 in Invocations
 10863 | Lair:2   | 10863 ||| INVOKING Finesse.
 11157 | Lair:2   | 11157 ||| DROPPING ring of magical power.
 11158 | Lair:2   | 11158 ||| READING scroll of identify.
 11158 | Lair:2   | 11158 ||| IDENTIFYING scroll labelled EBAGOTOYJO
 11159 | Lair:2   | 11159 ||| READING scroll labelled EWOFRU WAOJIVU.
 11260 | Lair:2   | 11260 ||| DROPPING scroll of poison.
 11476 | Lair:3   | Found a staircase to the Shoals.
 11485 | Lair:3   | Reached XP level 13. HP: 66/66 MP: 18/18
 11662 | Lair:3   | Found a transporter.
 11667 | Lair:3   | Noticed qw's ghost (journeyman SpHu)
 11680 | Lair:3   | 11680 ||| RETREEEEATING.
 11682 | Lair:3   | 11682 ||| RETREEEEATING.
 11684 | Lair:3   | 11684 ||| RETREEEEATING.
 11709 | Lair:3   | Found a transporter.
 11945 | Lair:3   | Found a staircase to the Snake Pit.
 12480 | Lair:4   | 12480 ||| Stepping ~*~*~tactically~*~*~ (cloud).
 12484 | Lair:4   | 12484 ||| Stepping ~*~*~tactically~*~*~ (cloud).
 12485 | Lair:4   | 12485 ||| Stepping ~*~*~tactically~*~*~ (cloud).
 12489 | Lair:4   | 12489 ||| Stepping ~*~*~tactically~*~*~ (cloud).
 12493 | Lair:4   | 12493 ||| Stepping ~*~*~tactically~*~*~ (cloud).
 12496 | Lair:4   | 12496 ||| Stepping ~*~*~tactically~*~*~ (cloud).
 12497 | Lair:4   | 12497 ||| RETREEEEATING.
 12498 | Lair:4   | 12498 ||| RETREEEEATING.
 12499 | Lair:4   | 12499 ||| RETREEEEATING.
 12501 | Lair:4   | 12501 ||| Stepping ~*~*~tactically~*~*~ (cloud).
 12503 | Lair:4   | 12503 ||| Stepping ~*~*~tactically~*~*~ (cloud).
 12507 | Lair:4   | 12507 ||| RETREEEEATING.
 12518 | Lair:4   | Reached ***** piety under Okawaru
 12659 | Lair:4   | 12659 ||| READING scroll of enchant weapon.
 12659 | Lair:4   | 12659 ||| ENCHANTING +3 arbalest of freezing.
 12768 | Lair:4   | Found a staircase to the Slime Pits.
 13455 | Lair:5   | Entered Level 5 of the Lair of Beasts
 13456 | Lair:5   | 13456 ||| STAIRDANCE
 13458 | Lair:5   | 13458 ||| STAIRDANCE
 13460 | Lair:4   | 13460 ||| RETREEEEATING.
 13461 | Lair:4   | 13461 ||| RETREEEEATING.
 13462 | Lair:4   | 13462 ||| RETREEEEATING.
 13463 | Lair:4   | 13463 ||| RETREEEEATING.
 13465 | Lair:4   | 13465 ||| RETREEEEATING.
 13465 | Lair:4   | HP: 16/67 [dream sheep (7)]
 13466 | Lair:4   | 13466 ||| READING 3 scrolls of teleportation.
 13467 | Lair:4   | 13467 ||| DRINKING 2 potions of heal wounds.
 13468 | Lair:4   | 13468 ||| RETREEEEATING.
 13469 | Lair:4   | 13469 ||| RETREEEEATING.
 13470 | Lair:4   | 13470 ||| RETREEEEATING.
 13471 | Lair:4   | 13471 ||| RETREEEEATING.
 13476 | Lair:4   | HP: 16/67 [poisoned by a cane toad]
 13701 | Lair:5   | 13701 ||| RETREEEEATING.
 13702 | Lair:5   | 13702 ||| RETREEEEATING.
 13703 | Lair:5   | 13703 ||| RETREEEEATING.
 13704 | Lair:5   | 13704 ||| RETREEEEATING.
 13705 | Lair:5   | 13705 ||| RETREEEEATING.
 13706 | Lair:5   | 13706 ||| INVOKING Finesse.
 13712 | Lair:5   | 13712 ||| INVOKING Heroism.
 13944 | Lair:5   | 13944 ||| INVOKING Finesse.
 13993 | Lair:5   | 13993 ||| RETREEEEATING.
 13994 | Lair:5   | 13994 ||| RETREEEEATING.
 13995 | Lair:5   | 13995 ||| RETREEEEATING.
 13996 | Lair:5   | 13996 ||| RETREEEEATING.
 13997 | Lair:5   | 13997 ||| RETREEEEATING.
 13998 | Lair:5   | 13998 ||| INVOKING Finesse.
 14030 | Lair:5   | Reached skill level 9 in Invocations
 14037 | Lair:5   | HP: 5/67 [hornet (12)]
 14038 | Lair:5   | 14038 ||| READING 2 scrolls of teleportation.
 14039 | Lair:5   | 14039 ||| DRINKING potion of heal wounds.
 14214 | Lair:5   | 14214 ||| RETREEEEATING.
 14217 | Lair:5   | 14217 ||| RETREEEEATING.
 14218 | Lair:5   | 14218 ||| RETREEEEATING.
 14219 | Lair:5   | 14219 ||| RETREEEEATING.
 14220 | Lair:5   | 14220 ||| RETREEEEATING.
 14221 | Lair:5   | 14221 ||| RETREEEEATING.
 14227 | Lair:5   | Reached skill level 17 in Ranged Weapons
 14332 | Lair:5   | 14332 ||| RETREEEEATING.
 14334 | Lair:5   | 14334 ||| RETREEEEATING.
 14336 | Lair:5   | 14336 ||| RETREEEEATING.
 14338 | Lair:5   | 14338 ||| RETREEEEATING.
 14340 | Lair:5   | 14340 ||| RETREEEEATING.
 14458 | Lair:5   | 14458 ||| INVOKING Finesse.
 14459 | Lair:5   | 14459 ||| INVOKING Heroism.
 14965 | Lair:5   | Noticed a fire dragon
 14983 | Lair:5   | 14983 ||| INVOKING Finesse.
 14988 | Lair:5   | Killed a fire dragon
 15098 | Lair:5   | 15098 ||| INVOKING Finesse.
 15153 | Lair:5   | 15153 ||| RETREEEEATING.
 15160 | Lair:5   | 15160 ||| INVOKING Finesse.
 15363 | Lair:5   | 15363 ||| PLANNING D
 15363 | Lair:5   | 15363 ||| READING 2 scrolls of identify.
 15363 | Lair:5   | 15363 ||| IDENTIFYING bubbling ruby potion
 16042 | D:13     | Found a gate to the Vaults.
 16043 | D:13     | 16043 ||| STAIRDANCE
 16054 | D:12     | Reached XP level 14. HP: 72/72 MP: 22/22
 16534 | D:13     | 16534 ||| RETREEEEATING.
 16570 | D:13     | HP: 13/72 [centaur warrior (10)]
 16570 | D:13     | HP: 4/72 [centaur warrior (9)]
 16571 | D:13     | 16571 ||| READING scroll of teleportation.
 16572 | D:13     | 16572 ||| DRINKING potion of heal wounds.
 16715 | D:13     | Reached skill level 18 in Ranged Weapons
 16781 | D:13     | Received a gift from Okawaru
 17064 | D:13     | 17064 ||| UPGRADING to +0 swamp dragon scales.
 17093 | D:14     | 17093 ||| RETREEEEATING.
 17106 | D:14     | Reached skill level 3 in Armour
 17221 | D:14     | 17221 ||| RETREEEEATING.
 17226 | D:14     | 17226 ||| INVOKING Finesse.
 17401 | D:14     | Found a glowing silver altar of Zin.
 17453 | D:14     | Received a gift from Okawaru
 17480 | D:14     | Reached skill level 9 in Fighting
 17600 | D:14     | Identified the +5 dagger of Noxious Fortitude {freeze, rF-
                  | rCorr Dex+4}
 17607 | D:14     | 17607 ||| READING scroll of enchant weapon.
 17607 | D:14     | 17607 ||| ENCHANTING +4 arbalest of freezing.
 17782 | D:14     | 17782 ||| READING 2 scrolls of identify.
 17782 | D:14     | 17782 ||| IDENTIFYING fizzy yellow potion
 17795 | D:15     | Entered Level 15 of the Dungeon
 17857 | D:15     | 17857 ||| RETREEEEATING.
 17859 | D:15     | 17859 ||| RETREEEEATING.
 17861 | D:15     | 17861 ||| RETREEEEATING.
 17862 | D:15     | 17862 ||| RETREEEEATING.
 17876 | D:15     | HP: 17/75 [white ugly thing (4)]
 17877 | D:15     | 17877 ||| READING scroll of teleportation.
 18131 | D:15     | Found a runed translucent gate.
 18133 | D:15     | Found a runed translucent gate.
 18134 | D:15     | Found a runed translucent gate.
 18140 | D:15     | Noticed qw's ghost (journeyman SpHu)
 18224 | D:15     | HP: 7/75 [ice dragon (13)]
 18224 | D:15     | Slain by an ice dragon

Levels and vault maps discovered:
D:1:      lightli_arrival_maybe_door_vault, layout_rooms, serial_shops,
          nicolae_shop_drivethru, dreamdust_ecumenical_altar_hidden_monk_grotto
D:2:      layout_loops_cross, uniq_sigmund, uniq_terence
D:3:      layout_rooms, amcnicky_altar_gilded, bloody_makhleb, serial_shops,
          shop_coins, nicolae_shop_crystal, nicolae_shop_tiny_real_fake_doors,
          minmay_between
D:4:      layout_basic, gammafunk_ghost_smash, reono_crystal_passage,
          minivault_19, kennysheep_crisscross
D:5:      kennysheep_windowed_halls, layout_layer_cave, dk_xom_monty_hall,
          uniq_pikel, uniq_grinder
D:6:      layout_cave_pods, nicolae_yredelemnul_ghost_church,
          dreamdust_wishing_well, nicolae_lava_and_water, uniq_blork_the_orc,
          uniq_crazy_yiuf_cottage
D:7:      layout_basic, mainiacjoe_overflow_alcove_4, minmay_temple_entry_fiery
D:8:      layout_loops_ring, fiery_altar_vehumet, enter_bailey_3,
          kennysheep_generic_room_16, uniq_maurice, uniq_joseph
D:9:      layout_basic, nicolae_overflow_hidden_temple,
          chequers_serial_rivers_room_b, minmay_misc_feat_roman
D:10:     layout_roguey, ashenzari_conservatory_becter, minmay_liquid_box
D:11:     wad_guarded_room, layout_gridville, david_orc_3, corexii_checkpoint,
          uniq_erolcha
D:12:     layout_basic, chequers_serial_rivers_micro_c
D:13:     layout_roguey, david_vaults_3
D:14:     layout_basic, chequers_serial_rivers_micro_a, zin_statuary
D:15:     grunt_enter_depths_hoard, layout_stronghold,
          gammafunk_ghost_tricky_traps, chequers_garden,
          nicolae_gozag_cash_rules_everything_around_me
Temple:   nicolae_temple_ecumenical_triangle
Lair:1:   layout_concentric_octagons
Lair:2:   layout_loops_ring, lemuel_fruit_tree
Lair:3:   layout_long_grid, elwin_shoals_entry_rooms,
          nicolae_snake_entry_squirm, gammafunk_ghost_arena
Lair:4:   layout_layer_cave, minmay_slime_entry_pillars,
          nicolae_lair_yak_garden, serial_bayou_shore_a
Lair:5:   wormcave, layout_cave_pods, serial_bayou_lagoon_a, grunt_megastairs_5

Skill      XL: |  1  2  3  4  5  6  7  8  9 10 11 12 13 14 |
---------------+-------------------------------------------+-----
Dodging        | 3 4 7 9 12 13 14 15 16 | 16.8
Ranged Weapons | 5 6 8 9 11 13 14 16 17 18 | 18.0
Fighting       | 2 3 4 5 6 7 9 |  9.0
Armour         | 2 3 |  3.0
Invocations    | 4 6 10 | 10.0
Stealth        | |  1.5

Action                     |  1- 3 |  4- 6 |  7- 9 | 10-12 | 13-15 || total
---------------------------+-------+-------+-------+-------+-------++-------
   Fire: Shortbow          |    79 |   133 |     4 |       |       ||   216
         Arbalest          |       |       |   255 |   525 |   617 ||  1397
 Invoke: Heroism           |       |       |       |     8 |     2 ||    10
         Finesse           |       |       |       |     2 |     8 ||    10
  Evoke: Wand              |       |       |       |     7 |       ||     7
    Use: Scroll            |     3 |     5 |     9 |    11 |     8 ||    36
         Potion            |       |     1 |     4 |     6 |     3 ||    14
 Armour: Robe              |     4 |    10 |    38 |    35 |       ||    87
         Acid dragon scale |       |       |       |    41 |    83 ||   124
         Swamp dragon scal |       |       |       |       |    32 ||    32
  Dodge: Dodged            |    22 |    42 |   161 |   357 |   287 ||   869
  Block: Other             |       |       |       |    25 |    57 ||    82
         Reflection        |       |       |       |     1 |     6 ||     7

Table legend:
 A = Non-vault XP
 B = Vault XP
 C = Vault XP percentage of total XP
 D = Non-vault monster count
 E = Vault monster count
 F = Vault count percentage of total count
                 A         B        C        D         E       F
            +---------+---------+-------+---------+---------+-------
      Total |   59885 |   32954 |  35.5 |     373 |     137 |  26.9
            +---------+---------+-------+---------+---------+-------
        D:1 |      22 |       0 |   0.0 |      14 |       0 |   0.0
        D:2 |      82 |     262 |  76.2 |      23 |       2 |   8.0
        D:3 |     142 |      69 |  32.7 |      19 |       6 |  24.0
        D:4 |     281 |       0 |   0.0 |      20 |       0 |   0.0
        D:5 |     758 |    2158 |  74.0 |      22 |      24 |  52.2
        D:6 |     642 |     184 |  22.3 |      23 |       3 |  11.5
        D:7 |     835 |       0 |   0.0 |      27 |       0 |   0.0
        D:8 |    2562 |    1184 |  31.6 |      18 |      10 |  35.7
        D:9 |    2448 |       0 |   0.0 |      37 |       0 |   0.0
       D:10 |    3961 |       0 |   0.0 |      20 |       0 |   0.0
       D:11 |    4856 |    7315 |  60.1 |      17 |      24 |  58.5
       D:12 |    3175 |       0 |   0.0 |      11 |       0 |   0.0
       D:13 |    5637 |    6042 |  51.7 |      15 |      19 |  55.9
       D:14 |   11467 |       0 |   0.0 |      19 |       0 |   0.0
       D:15 |    3676 |     934 |  20.3 |      12 |       1 |   7.7
     Lair:1 |    5785 |       0 |   0.0 |      26 |       0 |   0.0
     Lair:2 |    3349 |       0 |   0.0 |      17 |       0 |   0.0
     Lair:3 |    2926 |    1069 |  26.8 |      12 |       5 |  29.4
     Lair:4 |    1565 |    4129 |  72.5 |       6 |      13 |  68.4
     Lair:5 |    5716 |    9608 |  62.7 |      15 |      30 |  66.7
            +---------+---------+-------+---------+---------+-------
